 Dungeon Crawl Stone Soup version 0.31-a0-744-gbc345e7fcb (webtiles) character file.

Game seed: 3323506625839955822

23 Bravepunisher the Ducker (level 2, 0/16 HPs)
             Began as a Spriggan Monk on Sept 13, 2023.
             Shot with an arrow by a centaur (9 damage)
             ... while paralysed by Grinder
             ... on level 6 of the Dungeon.
             The game lasted 00:01:10 (342 turns).

Bravepunisher the Ducker (Spriggan Monk)             Turns: 342, Time: 00:01:11

Health: 0/16       AC:  2    Str:  7    XL:     2   Next: 75%
Magic:  3/3        EV:  4    Int: 11    God:
Gold:   18         SH:  0    Dex: 17    Spells: 1/1 levels left

rFire   . . .        a - +0 short sword
rCold   . . .        d - orb {light}
rNeg    . . .        b - +0 robe
rPois   .            (helmet restricted)
rElec   .            (no cloak)
rCorr   .            (gloves unavailable)
SInv    +            (boots unavailable)
Will    .....        (no amulet)
Stlth   +            (no ring)
HPRegen 0.22/turn    (no ring)
MPRegen 0.08/turn

%: no passive effects
@: paralysed, glowing, very quick
A: very small, no large weapons, unfitting armour, see invisible, speed 3
a: no special abilities


You were on level 6 of the Dungeon.
You visited 1 branch of the dungeon, and saw 6 of its levels.

You collected 18 gold pieces.

Inventory:

Hand Weapons
 a - a +0 short sword (weapon)
Armour
 b - a +0 robe (worn)
 d - an orb of light (worn)
Wands
 e - a wand of flame (20)


   Skills:
 + Level 2.7 Fighting
 - Level 3.2 Short Blades
 * Level 5.0 Dodging


You had one spell level left.
You didn't know any spells.
Your spell library contained the following spells:

 Spells                   Type           Power      Damage    Failure   Level
 Static Discharge         Conj/Air       0%         2-2/arc   47%         2
 Airstrike                Air            0%         2d(0-16)  98%         4
 Summon Lightning Spire   Summ/Air       0%         N/A       98%         4


Dungeon Overview and Level Annotations

Branches:
Dungeon (6/15)
 Temple: D:4-7

Altars:

Annotations:
D:6 Grinder


Innate Abilities, Weirdness & Mutations

You are very small and have problems with some larger weapons.
You are too small for most types of armour.
You have supernaturally acute eyesight. (SInv)
You cover ground extremely quickly. (Speed+++)


Message History

You're too confused to move!
You feel sick. The adder bites you but does no damage.
You hit the adder.
You kill the adder!
You feel less invigorated.
You feel less confused.
You feel sick.
Your Dodging skill increases to level 5!
You feel sick.
You feel sick.
You feel sick.
You are no longer poisoned.
You now have 18 gold pieces.
An orc comes into view. It is wielding a +0 dagger.
The orc shouts!
You hear a shout! x2
An orc is nearby!
An orc comes into view. It is wielding a +0 dagger.
Found a plate armour.
The orc shouts!
An orc wizard comes into view. It is wielding a +0 dagger.
The orc wizard shouts!
An orc comes into view. It is wielding a +0 short sword.
A scorpion comes into view.
Found a stone staircase leading down.
Found 12 gold pieces.
There is a stone staircase leading down here.
You climb downwards.
Found a stone staircase leading down.
There is a stone staircase leading up here.
Grinder comes into view.
A centaur comes into view.
Found a book of Blood.
The centaur wields a +0 orcbow.
The centaur shoots an arrow.
The arrow hits you!
There is a stone staircase leading down here.
The centaur shoots an arrow.
The arrow misses you. Grinder gestures at you.
You suddenly lose the ability to move!
You stop descending the stairs.
The centaur shoots an arrow.
The arrow hits you!
Ouch! That really hurt!
You die...

.. ... #.# ..
.z.. ##..
.#....# #...
.#..... #...#
....... #...
##.......
#:.##<.......
###..#..##.....
#....@.........
#..............
#...........##.
............##
............#
..........5##
........#...
...c...###...


You could see Grinder, a centaur and a wight.

Vanquished Creatures
  An adder (D:5)
  A shadow imp (D:5)
  An orc (D:5)
  A bat (D:1)
  A goblin (D:4)
  A ball python (D:1)
  2 rats
8 creatures vanquished.

Notes
Turn   | Place    | Note
-------+----------+-------------------------------------------
     0 | D:1      | Bravepunisher the Spriggan Monk began the quest for the
                  | Orb.
     0 | D:1      | Reached XP level 1. HP: 11/11 MP: 2/2
   201 | D:5      | Entered Level 5 of the Dungeon
   219 | D:5      | Reached XP level 2. HP: 8/16 MP: 3/3
   287 | D:5      | Reached skill level 5 in Dodging
   322 | D:5      | Noticed a scorpion
   339 | D:6      | Noticed a wight
   340 | D:6      | Noticed Grinder
   341 | D:6      | Noticed a centaur
   342 | D:6      | Paralysed by Grinder for 2 turns
   342 | D:6      | Shot with an arrow by a centaur

Illustrated notes

Levels and vault maps discovered:
D:1:      lightli_arrival_noodles, layout_basic, kennysheep_another_room,
          minmay_hexomino_u4
D:2:      layout_loops_ring, uniq_jessica
D:3:      layout_basic, hex_large
D:4:      dreamdust_elfheim, layout_basic
D:5:      layout_loops_corners, temple_hall, serial_shops,
          nicolae_shop_behind_doors
D:6:      layout_rooms, kennysheep_path_1, uniq_grinder

Skill      XL: |  1  2 |
---------------+-------+-----
Dodging        | 5 |  5.0
Fighting       | |  2.7
Short Blades   | |  3.2

Action                     || total
---------------------------++-------
  Melee: Short sword       ||    34
    Use: Potion            ||     1
 Armour: Robe              ||    14
  Dodge: Dodged            ||    28

Table legend: (Time is in decaauts)
 A = Elapsed time spent in this place.
 B = Non-inter-level travel time spent in this place.
 C = Inter-level travel time spent in this place.
 D = Time resting spent in this place.
 E = Time spent auto-exploring this place.
 F = Levels seen in this place.
 G = Mean time per level.
                   A        B        C        D        E       F      G
               +--------+--------+--------+--------+--------+-----+--------+
         Total |    241 |    241 |      0 |      0 |    140 |   6 |   40.2 |
       Dungeon |    241 |    241 |      0 |      0 |    140 |   6 |   40.2 |
               +--------+--------+--------+--------+--------+-----+--------+

Top non-repeatable levels by time:
     D:5: 112 daAuts
     D:4: 66 daAuts
     D:3: 27 daAuts
     D:1: 24 daAuts
     D:2: 8 daAuts
     D:6: 1 daAuts
